AoeStats
← 笙箫楠兮

Black Forest

510252079Analyzed
2v2 RM · 9h ago on Sep 30, 2026· 27m 33s· 4 players
Game mode
Random Map
Map size
Medium (4 player)
Population
200
Speed
Normal
Resources
Standard
Victory
Conquest
Starting age
Dark Age
Ending age
Imperial Age
RankedLock teamsTeams togetherTeam positionsShared explorationLock speedFull tech treeHidden civsTurbo modeCheats
Victory
Defeat
🇨🇳 Cumans · China
865
+15
🇦🇷 Armenians · Argentina
850
+16
🇺🇸 Khmer · United States
959
-20
🇺🇸 Persians · United States
728
-11
nortcb
2:01 Loom
13:10 Feudal Age
Jolinar
11:56 Feudal Age
16:55 Double-Bit Axe
20:29 Scale Barding Armor
20:36 Forging
23:11 Castle Age
23:08 Bloodlines
24:52 Bow Saw
27:50 Iron Casting
Sukhavati
9:53 Feudal Age
10:24 Double-Bit Axe
10:03 Man-at-Arms
11:06 Arson
12:46 Loom
14:22 Long Swordsman
22:13 Castle Age
20:36 Horse Collar
22:30 Gold Mining
23:34 Wheelbarrow
23:19 Forging
22:46 Two-Handed Swordsman
23:15 Gambesons
24:15 Scale Mail Armor
24:17 Champion
25:45 Chain Mail Armor
27:16 Iron Casting
笙箫楠兮
0:43 Loom
11:58 Feudal Age
19:42 Horse Collar
Connection lost

Rejoining the realm…

Still unreachable

The connection could not be restored.

Session expired

The server has moved on; the page needs a fresh start.